Cogmind - Beta 15 @@@ ROGUE MODE // 2025.05.08 @ 02:21:50 Player: Big Pilgrim Result: Destroyed by Y6-TX2(j) with Overtuned Pulse Rifle Performance ------------- Evolutions (0) 0 Regions Visited (3) 600 Robots Destroyed (4) 20 Value Destroyed (130) 130 Prototype IDs (0) 0 Alien Tech Used (0) 0 Bonus (800) 800 TOTAL SCORE: 1550 Bonus ------- Registered with UFD 300 Met Optimus in HQ 500 Cogmind --------- Core Integrity 0/250 Matter 295/300 Energy 140/140 System Corruption 0% Temperature Cool (29) Movement Walking (180) Ox1 Location -9/Scraptown Parts ------- > --- POWER (1) -------- Light Deuterium Engine > --- PROPULSION (2) --- VSS Leg VSS Leg > --- UTILITY (2) ------ Large Storage Unit IFF Parser > --- WEAPON (2) ------- Phase Cannon > --- INVENTORY (15) --- Scrap Suit Coolant Injector Coolant Injector Sensor Array Sensor Array Advanced Signal Interpreter Terrain Scanner Terrain Scan Processor ECM Suite Medium Armor Plating Scrapoid Pod Phase Cannon Phase Cannon Peak State ------------ > --- POWER ------------ Light Deuterium Engine > --- PROPULSION ------- Carbon-fiber Leg Armored Leg > --- UTILITY ---------- Large Storage Unit IFF Parser > --- WEAPON ----------- Phase Cannon Phase Cannon > --- INVENTORY -------- Scrap Suit Coolant Injector Coolant Injector Sensor Array Sensor Array Advanced Signal Interpreter Terrain Scanner Terrain Scan Processor ECM Suite Medium Armor Plating Scrapoid Pod Phase Cannon Phase Cannon [Rating: 32] Favorites ----------- Power Ion Engine Engine Ion Engine Propulsion Aluminum Leg Treads Spiked Treads Leg Aluminum Leg Utility Sensor Array Device Sensor Array Storage Medium Storage Unit Weapon Subdweller Machine Gun Energy Gun Heavy Laser Energy Cannon Subdweller Beam Cannon Ballistic Gun Subdweller Machine Gun Impact Weapon Makeshift Hammer Build | -11 -10 -10 -9 ------- Run | Yrd Mat Sub Scr Slots Evolved . | . . . . Power . | . . . . Propulsion . | . . . . Utility . | . . . . Weapon . | . . . . Parts Attached 32 | 6 2 6 18 Power 5 | 1 . 2 2 Engine 5 | 1 . 2 2 Core . | . . . . Reactor . | . . . . Propulsion 12 | 2 . 2 8 Treads 1 | . . 1 . Leg 11 | 2 . 1 8 Wheel . | . . . . Hover . | . . . . Flight . | . . . . Utility 5 | 1 2 . 2 Device 2 | . 1 . 1 Storage 3 | 1 1 . 1 Processor . | . . . . Hackware . | . . . . Protection . | . . . . Artifact . | . . . . Weapon 10 | 2 . 2 6 Energy Gun 2 | 1 . . 1 Energy Cannon 5 | . . 1 4 Ballistic Gun 2 | 1 . 1 . Ballistic Cannon . | . . . . Launcher . | . . . . Special Weapon . | . . . . Impact Weapon 1 | . . . 1 Slashing Weapon . | . . . . Piercing Weapon . | . . . . Special Melee Weapon . | . . . . Unidentified Prototypes . | . . . . Parts Lost 3 | . . 1 2 Power 1 | . . . 1 Propulsion 1 | . . 1 . Utility . | . . . . Weapon 1 | . . . 1 Highest Loss Streak 1 | . . 1 1 To Critical Strikes . | . . . . Average Backups 10 | 4 8 9 10 Power 1 | . 1 1 . Propulsion . | 2 2 . . Utility 4 | . 1 1 5 Weapon 3 | . 2 5 3 Tool/Special . | . . . . Unused Backups 27 | . 5 1 21 Power 2 | . 1 . 1 Propulsion 4 | . 4 . . Utility 11 | . . . 11 Weapon 9 | . . 1 8 Tool/Special 1 | . . . 1 Average Slot Usage (%) 94 | . 86 98 93 Engine 13 | . 14 14 13 Treads 1 | . . 7 . Leg 26 | . 28 19 27 Device 13 | . 1 14 14 Storage 14 | . 14 14 14 Energy Gun 6 | . 14 3 7 Energy Cannon 6 | . . 10 5 Ballistic Gun 8 | . 14 14 7 Impact Weapon 1 | . . . 1 Peak Build Rating 32 | 6 7 12 32 Average Rating 13 | 4 6 10 14 On Entrance 5 | . 6 7 10 Naked Turns . | . . . . Heaviest Build 42 | 11 17 28 42 Greatest Support 38 | 20 20 20 38 Greatest Overweight (x) 4 | 1 . 2 4 Average Overweight (x) . | . . . . Largest Inventory Capacity 15 | 8 10 10 15 Average Capacity 11 | 7 9 10 11 Most Carried 15 | 7 10 10 15 Average Carried 10 | 4 8 9 11 Final Capacity 15 | 8 10 10 15 Final Carried 15 | 6 9 8 15 Class Distribution -------------------- 100% | Mutant Dominant Class ---------------- Mutant | -10/Materials Mutant | -10/Subcaves Mutant | -9/Scraptown Resources | -11 -10 -10 -9 ----------- Run | Yrd Mat Sub Scr Matter Collected 625 | 260 23 77 265 Remotely . | . . . . Salvage Created 161 | . 18 143 . Parts 10 | . 2 8 . Haulers Intercepted . | . . . . Recyclers Shooed . | . . . . Parts Field Recycled . | . . . . Retrieved Matter . | . . . . Parts Self-Destructed . | . . . . Prevented . | . . . . Kills | -11 -10 -10 -9 ------- Run | Yrd Mat Sub Scr Combat Hostiles Destroyed 4 | . 1 3 . Guns 2 | . 1 1 . Cannons 2 | . . 2 . Classes Destroyed 2 | . 1 1 . Swarmer 1 | . 1 . . Subdweller 3 | . . 3 . Best Kill Streak 1 | . 1 1 . Combat Bots Only 1 | . 1 1 . Max Kills in Single Turn 1 | . 1 1 . Gunslinging . | . . . . Exploded . | . . . . Melee . | . . . . Uniques/NPCs Destroyed . | . . . . Combat | -11 -10 -10 -9 -------- Run | Yrd Mat Sub Scr Hostile Shots Fired 47 | . . 23 24 Missed 13 | . . 8 5 Hits 34 | . . 15 19 Projectile 34 | . . 15 19 Critical Strikes 4 | . . 1 3 Damage Taken 756 | . . 353 403 Core 263 | . . 105 158 Absorbed by Shields . | . . . . Core Remaining (%) 100 | 100 . . . Volleys Fired 18 | . 1 14 3 Largest 2 | . 2 2 2 Hottest 170 | . 60 100 170 Shots Fired 36 | . 2 28 6 Gun 19 | . 2 17 . Cannon 17 | . . 11 6 Launcher . | . . . . Special . | . . . . Kinetic 15 | . 1 14 . Thermal 21 | . 1 14 6 Explosive . | . . . . Electromagnetic . | . . . . Robot Hit Streak 11 | . 1 11 3 Robot Miss Streak 3 | . 1 1 3 Penetration Max . | . . . . Secondary Targets . | . . . . Shots Hit Robots 29 | . 1 25 3 Core Hits 7 | . 1 6 . Critical Kills . | . . . . Critical Parts Destroyed . | . . . . Critical Strikes . | . . . . Melee Attacks . | . . . . Impact . | . . . . Slashing . | . . . . Piercing . | . . . . Sneak Attacks . | . . . . Combat Hostiles . | . . . . Follow-up Attacks . | . . . . Damage Inflicted 517 | . 11 413 93 Guns 207 | . 11 196 . Cannons 310 | . . 217 93 Explosions . | . . . . Melee . | . . . . Ramming . | . . . . Kinetic 163 | . . 163 . Thermal 354 | . 11 250 93 Explosive . | . . . . Electromagnetic . | . . . . Impact . | . . . . Slashing . | . . . . Piercing . | . . . . Highest Corruption . | . . . . Average Corruption . | . . . . Corruption Purged . | . . . . Corruption Blocked . | . . . . Overload Shots . | . . . . Overflow Damage . | . . . . Projectiles . | . . . . Explosions . | . . . . Melee . | . . . . Knockbacks . | . . . . Impact . | . . . . Kinetic . | . . . . Secondary . | . . . . Self-Inflicted Damage . | . . . . Shots . | . . . . Rammed . | . . . . Targets Rammed . | . . . . Kicked . | . . . . Crushed . | . . . . Highest Temperature 222 | . . 2 222 Average Temperature 88 | . . 2 91 Received Heat Transfer 324 | . . 45 279 Siege Activations . | . . . . Martial Activations . | . . . . Shielding Activations . | . . . . Robots Disrupted . | . . . . Combat Hostiles . | . . . . Robots Corrupted . | . . . . Combat Hostiles . | . . . . Parts Fried . | . . . . Impact Corruptions . | . . . . Robots Melted . | . . . . Combat Hostiles . | . . . . Parts Melted . | . . . . Heat Transferred 471 | . 25 371 75 Parts Sabotaged . | . . . . Parts Stolen . | . . . . Parts Stripped . | . . . . Power Chain Reactions . | . . . . Alert | -11 -10 -10 -9 ------- Run | Yrd Mat Sub Scr Maximum Alert Level . | . . . . Low Security (%) 100 | 100 100 . . Level 1 . | . . . . Level 2 . | . . . . Level 3 . | . . . . Level 4 . | . . . . Level 5 . | . . . . High Security . | . . . . Max Security . | . . . . Peak Influence 50 | . 50 . . Initial . | . . . . Average 9 | . 14 . . Influence Increases 50 | . 50 . . Destroy 0b10 Robot/C 20 | . 20 . . Partial Spotted 15 | . 15 . . Lose Combat Pursuer 15 | . 15 . . Influence Decreases 50 | . 50 . . Time Decay 50 | . 50 . . Squads Dispatched 1 | . 1 . . Investigation . | . . . . Extermination . | . . . . Reinforcement 1 | . 1 . . Assault . | . . . . Garrison . | . . . . Intercept . | . . . . Searches Triggered . | . . . . Construction Impeded . | . . . . Haulers Reinforced . | . . . . Active Scanning Responses . | . . . . Cargo Convoy Interrupts . | . . . . Stealth | -11 -10 -10 -9 --------- Run | Yrd Mat Sub Scr Distress Signals 2 | . 2 . . Communications Jammed . | . . . . Distress Signals . | . . . . Times Spotted 18 | . 3 3 12 Peak Tracking Total 9 | . 6 2 9 Tactical Retreats 1 | . 1 . . Traps | -11 -10 -10 -9 ------- Run | Yrd Mat Sub Scr Traps Triggered . | . . . . Indirectly . | . . . . Trap Hack Attempts . | . . . . Triggered . | . . . . Disarmed . | . . . . Reprogrammed . | . . . . Reused . | . . . . Traps Extracted . | . . . . Installed . | . . . . Triggered . | . . . . Machines | -11 -10 -10 -9 ---------- Run | Yrd Mat Sub Scr Machines Disabled 1 | . . . 1 Max in Single Turn 1 | . . . 1 Machines Repaired . | . . . . Machines Dismantled . | . . . . Machines Sabotaged . | . . . . Overloaded Fab Kills . | . . . . Hacking | -11 -10 -10 -9 --------- Run | Yrd Mat Sub Scr Machines Accessed 5 | . . . 5 Terminals . | . . . . Fabricators . | . . . . Repair Stations . | . . . . Recycling Units . | . . . . Scanalyzers . | . . . . Garrison Access . | . . . . Total Hacks 26 | . . . 26 Successful 26 | . . . 26 Failed . | . . . . Catastrophic . | . . . . Database Lockouts . | . . . . Manual . | . . . . Terminals . | . . . . Fabricators . | . . . . Repair Stations . | . . . . Recycling Units . | . . . . Scanalyzers . | . . . . Garrison Access . | . . . . Terminal Hacks 26 | . . . 26 Record 26 | . . . 26 Fabricator Hacks . | . . . . Repair Station Hacks . | . . . . Recycling Unit Hacks . | . . . . Scanalyzer . | . . . . Garrison Access Hacks . | . . . . Unauthorized Hacks . | . . . . Terminals . | . . . . Fabricators . | . . . . Repair Stations . | . . . . Recycling Units . | . . . . Scanalyzers . | . . . . Garrison Access . | . . . . Data Cores Recovered . | . . . . Used . | . . . . Hacking Detections . | . . . . Full Trace Events . | . . . . Feedback Events . | . . . . Feedback Blocked . | . . . . Robot Schematics Acquired . | . . . . Robots Built . | . . . . Authchips . | . . . . Time . | . . . . Total Robot Build Rating . | . . . . Part Schematics Acquired . | . . . . Parts Built . | . . . . Authchips . | . . . . Time . | . . . . Total Part Build Rating . | . . . . Parts Repaired . | . . . . Time . | . . . . Parts Recycled . | . . . . Recycled Matter . | . . . . Retrieved Matter . | . . . . Retrieved Components . | . . . . Parts Scanalyzed . | . . . . Part Schematics Acquired . | . . . . Parts Damaged . | . . . . Bothacking | -11 -10 -10 -9 ------------ Run | Yrd Mat Sub Scr Used RIF Installer . | . . . . Robots Hacked . | . . . . Non-combat . | . . . . Combat . | . . . . Robot Hacks Applied . | . . . . Relay Couplers Released . | . . . . Fabnet Peak Effective % . | . . . . Robots Rewired . | . . . . Allies Hacked . | . . . . Hacks Repelled . | . . . . Allies | -11 -10 -10 -9 -------- Run | Yrd Mat Sub Scr Total Allies . | . . . . Largest Group . | . . . . Highest-Rated Group . | . . . . Highest-Rated Ally . | . . . . Total Orders . | . . . . Ally Attacks . | . . . . Total Damage . | . . . . Kills . | . . . . Allies Corrupted . | . . . . Allies Melted 2 | . . . 2 Intel | -11 -10 -10 -9 ------- Run | Yrd Mat Sub Scr Active Infowar (turns) 3913 | . 21 669 3223 Sensors 3685 | . 21 669 2995 IFF 228 | . . . 228 Robot Analysis Total . | . . . . Derelict Logs Recovered 3 | . . 1 2 Drone Launches . | . . . . Drone Recoveries . | . . . . Exploration | -11 -10 -10 -9 ------------- Run | Yrd Mat Sub Scr Turns Passed 4133 | 81 160 669 3223 Spaces Moved 2344 | 56 114 314 1860 Core 4 | 4 . . . Treads 131 | . . 131 . Legs 2209 | 52 114 183 1860 Wheels . | . . . . Hover . | . . . . Flight . | . . . . Fastest Speed 50 | 50 120 120 120 Average Speed 168 | 115 120 192 168 Slowest Speed 400 | 120 120 260 400 Overloaded Moves . | . . . . Propulsion Burnouts . | . . . . Robots Hopped . | . . . . Potential Cave-ins . | . . . . Cave-ins Triggered . | . . . . Exploration Rate (%) 32 | 5 23 15 85 Regions Visited 3 Branch Regions 2 Pre-discovered Areas 1 | . . . 1 Known Exits Taken . | . . . . Unknown Exits Taken 3 | 1 1 1 . Scrap Searched 7 | . . . 7 Spaces Dug . | . . . . Terrain Destroyed 2 | . . 1 1 Melee . | . . . . Projectile 2 | . . 1 1 AOE . | . . . . Terrain Rammed . | . . . . Walls Destroyed . | . . . . Machines Disabled . | . . . . Actions | -11 -10 -10 -9 --------- Run | Yrd Mat Sub Scr Total 2514 | 71 137 354 1952 Wait 24 | . 5 12 7 Move 2341 | 55 113 313 1860 Hop . | . . . . Pick Up 45 | 10 10 2 23 Fast Attach 16 | 2 . 1 13 Attach 9 | 4 1 3 1 Detach 3 | . . 1 2 Swap 15 | . 1 3 11 Drop 43 | . 6 5 32 Fire 18 | . 1 14 3 Melee . | . . . . Ram . | . . . . Kick . | . . . . Crush . | . . . . Escape Stasis . | . . . . Rewire . | . . . . Trap . | . . . . Miscellaneous . | . . . . Route ------- -11/Scrapyard -10/Materials -10/Subcaves (discovered 3 exits: [*Mat] / *Scr x2) -9/Scraptown (discovered 2 exits: *Fac x2) History --------- Turn | Location | Event 3 | -11/Scrapyard | Discovered new exit (range 16) 82 | -11/Scrapyard | Entered Materials 83 | -10/Materials | Met a group of wandering Federalists 196 | -10/Materials | Discovered new exit (range 6) 242 | -10/Materials | Entered Subcaves 243 | -10/Subcaves | Continued accompanying wandering Federalists (3) 243 | -10/Subcaves | Approached by a straggling Scientist 246 | -10/Subcaves | Shifting Twisted Machinery released Sub. Monowheel 269 | -10/Subcaves | Shifting Twisted Machinery released Mak. Hammer 315 | -10/Subcaves | Discovered new exit (range 14) 318 | -10/Subcaves | Build established: Mutant 484 | -10/Subcaves | Scientist uncovered a shortcut to Scraptown 640 | -10/Subcaves | Learned Materials emergency access door positions 911 | -10/Subcaves | Entered Scraptown 1012 | -9/Scraptown | Visited Cave Peace 1066 | -9/Scraptown | Heard Great Nut preacher, LISTEN AND RECITE! 1072 | -9/Scraptown | Visited Shadow of the Wyrm 1096 | -9/Scraptown | Visited TADAMA 1123 | -9/Scraptown | Visited Bundlers 1192 | -9/Scraptown | Visited The Evicted 1235 | -9/Scraptown | Visited UFD Registry 1235 | -9/Scraptown | Registered with UFD as "Thunderspawn" 1260 | -9/Scraptown | Visited CPS Storage 1308 | -9/Scraptown | Visited Science Testing Area 1678 | -9/Scraptown | Scanned Subdweller tech in exchange for log data 1682 | -9/Scraptown | Learned location of Zion (-6) 1710 | -9/Scraptown | Discovered new exit (range 7) 1785 | -9/Scraptown | Guru changed UFD alias to "Tooltorch" 3105 | -9/Scraptown | Visited Scrapoid Pod Storage 3150 | -9/Scraptown | Visited Junk Repository 3217 | -9/Scraptown | Visited Junk Repository 3391 | -9/Scraptown | Found Scrapoid Pod 3578 | -9/Scraptown | Visited Chapter 10 3642 | -9/Scraptown | Visited Curators Association 3669 | -9/Scraptown | Visited Scrap Suit Storage 3689 | -9/Scraptown | Found Scrap Suit 3781 | -9/Scraptown | Met Optimus 3781 | -9/Scraptown | Accepted into 0bPrime 3872 | -9/Scraptown | Visited Supply Room 3938 | -9/Scraptown | Visited Analyses Database 3941 | -9/Scraptown | Civil war broke out across Scraptown 3942 | -9/Scraptown | Core integrity fell below 50% 3965 | -9/Scraptown | Core integrity fell below 20% 4028 | -9/Scraptown | Identified exit to Factory 4134 | -9/Scraptown | Destroyed by Y6-TX2(j) with Overtuned Pulse Rifle Last Messages --------------- 04080_ 3M-9Y7(E) heat short circuits Ovr. Barrage Gun. 04082_ XQ-CPI(g) suffers critical hit (Destroy). 04082_ Dropped Aluminum Leg. 04083_ Acquired Ovr. Titanium Leg. 04083_ AZ-YZS(E) destroyed. 04084_ Dropped Ovr. Titanium Leg. 04087_ Acquired VSS Leg. 04090_ Acquired 30 matter. 04092_ Slug penetrates XQ-CPI(g). 04092_ XQ-CPI(g) destroyed. 04093_ 3M-9Y7(E) cannibalizes Imp. Heat Sink to repair Mak. Microdissipator Network. Optimus: This place isn't worth defending, let's get out of here, Tooltorch! Our real resources are elsewhere, after all. 04111_ Dropped Ovr. Titanium Leg. 04112_ Acquired VSS Leg. 04127_ Critical hit (Burn: +50). 04130_ N3-KDR(p) destroyed. 04130_ Critical hit (Burn: +50). 04131_ Phase Cannon destroyed. Map ----- +----------------------------------------------------+ | ####?# #########?#" ""#?????????????????????? | | #?# """"""""#?#" """#?????????????????????? | | ## ### " ""#?#" """#?????????????????????? | | "" """ "#?#"""""""#?????????????????????? | | " """ " ""#?#######???????????????????????? | | " " """"""""#???????????????????????????????? | | " ##"""####?????############??????????????? | | " "" " ##########????#""""""""""#??????????????? | | " " ## ?#??#"""" """"#??????????????? | | """""" ## #??#""" " ""#??????????????? | | ###### ## """"" #??#"" " ""#??????######### | | ?????# ## """"" #??#" " "#??????# """"""" | | ###### ## """"" #??#" " "#??????#" " | | ## #??#"" "#??????#" " | | ## #??#"" " <#??????#" " | | ###### ## % #??#""" " "<<#??????#" " | | ????# ## ! #??#"" <"#??????####### # | | ???### ### ##;;############## ####???????##### # | | ???# % #???????#" "" " | | #### ! #?????###" | | # !%% [#?????# " | | g b == [%#???????#" | | # % *#???????#" * | | # ############ #;## #????####" ! | | # #??# !%= #jj ! #???#"""" ! | | # #??# = @ %! =% #???#"""" | | # #??#" !!""# / #???#"""" | | # #??# !=%%"# ! #???#"""" | | #### #??#"" =]""" [% #???#"""" | | ???# #??#" ][ ![ # [ ###?#"""" | | ???# #??#"%! =%[""#! [%=%""#"#"""" | | ???# #??#""[ ![[%"#[! !%!% """"#"""" | | ???# #??# = #%! =%! ""#######" != | | ???# #??#" #####"=%* =###?????#" !%! | | #### #??#" [ [ #! [ #= ![######### =*[ | | # #??# !!! # =!% ! %*! %/ =[!! | | # #??#" "%"# "=!! = !%=%=!!=!==% | | # #??#"" """" = #[%*! !=!!!%=*!%= | | " # #??##############*!% =%==% %=!= | | # ###############!" *%= *!![%[!%= | | # *%= [ = =![= | | !!= %= !% | | #### [[ | | ???# = ==%= | | #### =%[ !%[! [* | | !! !#""""#" =%= | | #????#" ![[ | | % #????#" " " | | ############ ###########""# "=#[!*#"##????####### | | #?????# #??????# #"=*[###???????# | +----------------------------------------------------+ Best States ------------- Heat Dissipation 25 Energy Generation 15 Energy Capacity 250 Matter Stores 300 Matter Capacity 300 Sight Range 16 Robot Scan Range 14 Terrain Scan Density 10 Evasion (%) 55 Recoil Reduction 1 Item Schematics ----------------- None Robot Schematics ------------------ None Fabricated ------------ Nothing Repaired ---------- Nothing Alien Tech Used ----------------- None Achievements -------------- None Challenges ------------ None Game ------ Seed PartitionGravityGenerator Manual? 0 Play Time 00:53:46 Cumulative 12.7 hours Start 2025.05.08 @ 01:23:00 End 2025.05.08 @ 02:21:50 Sessions 1 Manual Loads 0 Difficulty Rogue Special Mode None Game No. 14 Rogue 14 Adventurer 0 Explorer 0 Win Type - Total 0 Types 0/0/0/0/0/0/0/0/0/0 Lore% 9 Gallery% 15 Achievement% 14 Wizard Run 0 Options --------- Layout 0 ASCII 0 Keyboard 0 Movement Mouse Keybinds 0 Fullscreen 2 Font 24/Terminus Map View 76x50 Zoom Use 72% Tactical HUD 1 Map Filters NONE Filters NONE Steam 1 RUN: acc6efb1-5094-4d17-84d9-7c9dd4bbd306